[Event "*** Titled Tuesday Blitz"]
[Site "Chess.com"]
[Date "2020.04.21"]
[Round "4"]
[White "Hasangatin_Ramil"]
[Black "saisree"]
[Result "0-1"]
[WhiteElo "2505"]
[BlackElo "2329"]
[TimeControl "180+1"]
[EndTime "10:39:02 PDT"]
[Termination "saisree won by resignation"]

1. e4 c6 2. d4 d5 3. Nd2 dxe4 4. Nxe4 Bf5 5. Ng3 Bg6 6. Bc4 e6 7. N1e2 Bd6 8. Nf4 Nf6 9. c3 O-O 10. Nxg6 hxg6 11. O-O Nbd7 12. Re1 Re8 13. Bb3 a5 14. a4 Qc7 15. Bc4 Rab8 16. Bf1 b5 17. axb5 cxb5 18. Qf3 Nd5 19. Kh1 a4 20. Ne4 Be7 21.
g3 Rec8 22. h4 a3 23. bxa3 Nxc3 24. Ng5 Nf6 25. Bg2 Ncd5 26. Bd2 Qc2 27. Bf4 Ra8 28.
Rac1 Qa4 29. Rxc8+ Rxc8 30. Bh3 Nxf4 31. Qxf4 Rd8 32.
d5 Qxf4 33. gxf4 Nxd5 34. Nxe6 fxe6 35. Bxe6+ Kf8 36. Bxd5 Rxd5 37. Re6 Kf7 38. Rb6 Bxa3 39. Rb7+ Kf6 40. Rb6+ Kf5 41. Kg2 b4 42. Rb7 Kxf4 43. Rxg7 b3 0-1

[Event "*** Titled Tuesday Blitz"]
[Site "Chess.com"]
[Date "2020.04.21"]
[Round "4"]
[White "CroissantNeuf"]
[Black "manuellarrea"]
[Result "1-0"]
[WhiteElo "2378"]
[BlackElo "2136"]
[TimeControl "180+1"]
[EndTime "10:39:04 PDT"]
[Termination "CroissantNeuf won on time"]

1. Nf3 Nf6 2. g3 e6 3. Bg2 Be7 4. O-O O-O 5. c4 d5 6. b3 a5 7. Nc3 c6 8. d4 Ne4 9. Bb2 f5 10. e3 b6 11. Ne2 Bf6 12. Nf4 g5 13. Nh5 Bh8 14. Ne5 Bb7 15. f3 Nd6 16. f4 g4 17. h3 gxh3 18. Bxh3 Ne4 19. Kh2 c5 20.
dxc5 bxc5 21. g4 Re8 22. gxf5 exf5 23. cxd5 Bxd5 24. Bxf5 Qh4+ 25. Bh3 Bxe5 26. Qxd5+ 1-0

[Event "*** Titled Tuesday Blitz"]
[Site "Chess.com"]
[Date "2020.04.21"]
[Round "4"]
[White "MikaelyanArman"]
[Black "SloLev"]
[Result "1-0"]
[WhiteElo "2746"]
[BlackElo "2521"]
[TimeControl "180+1"]
[EndTime "10:39:05 PDT"]
[Termination "MikaelyanArman won by resignation"]

1. Nf3 d5 2. d4 Nf6 3. c4 e6 4. Nc3 c6 5. g3 Nbd7 6. Bg2 Be7 7.
O-O O-O 8. Nd2 b6 9. e4 dxe4 10.
Ndxe4 Bb7 11. Be3 Nxe4 12. Nxe4 Nf6 13. Rc1 Rc8 14. Nxf6+ Bxf6 15. Qg4 e5 16. dxe5 Bxe5 17. Rfd1 Qf6 18. b3 h6 19. Rd7 Bc7 20. Bd4 Qg5 21. Qxg5 hxg5 22. Re1 Ba8 23. Ree7 Bd8 24. Re2 a5 25. c5 Rb8 26. Be5 Rb7 27. Rxb7 Bxb7 28. Bd6 bxc5 29. Bxc5 Bf6 30. Bxf8 Kxf8 31. Rc2 Ke7 32.
Bxc6 Ba6 33. Bf3 Bd4 34. Rc7+ 1-0

[Event "*** Titled Tuesday Blitz"]
[Site "Chess.com"]
[Date "2020.04.21"]
[Round "4"]
[White "The_Chess_Coach"]
[Black "maxip32"]
[Result "0-1"]
[WhiteElo "2139"]
[BlackElo "2417"]
[TimeControl "180+1"]
[EndTime "10:39:05 PDT"]
[Termination "maxip32 won by resignation"]

1. d4 Nf6 2. c4 g6 3. Nc3 Bg7 4.
e4 d6 5. Nf3 O-O 6. Be2 e5 7.
Be3 Ng4 8. Bg5 f6 9. Bh4 Nc6 10. d5 Ne7 11. h3 Nh6 12. g4 Nf7 13. Nd2 c5 14. Qc2 a6 15. a3 Bd7 16. b4 b6 17.
bxc5 dxc5 18. Rb1 Nd6 19. Bd3 Rb8 20. Ke2 b5 21. g5 f5 22. f3 h6 23. Rhg1 Kh7 24.
gxh6 Bxh6 25. Bxe7 Qxe7 0-1

[Event "*** Titled Tuesday Blitz"]
[Site "Chess.com"]
[Date "2020.04.21"]
[Round "4"]
[White "tufferguy"]
[Black "KingChess345"]
[Result "1-0"]
[WhiteElo "2394"]
[BlackElo "2082"]
[TimeControl "180+1"]
[EndTime "10:39:05 PDT"]
[Termination "tufferguy won by resignation"]

1. e4 c5 2. c3 d5 3. exd5 Qxd5 4. d4 Nf6 5. Nf3 Bg4 6. Be2 e6 7. h3 Bh5 8. Be3 cxd4 9. cxd4 Be7 10. Nc3 Qd6 11.
Qb3 Qb4 12. g4 Bg6 13. Ne5 O-O 14. O-O Nbd7 15. g5 Nxe5 16. gxf6 gxf6 17. Qxb4 Bxb4 18. dxe5 fxe5 19. Rac1 Rac8 20. Bxa7 Rfd8 21. Be3 f6 22.
Rfd1 Kf7 23. a3 Bxc3 24. Rxd8 Rxd8 25. Rxc3 1-0

[Event "*** Titled Tuesday Blitz"]
[Site "Chess.com"]
[Date "2020.04.21"]
[Round "4"]
[White "northridgehawk"]
[Black "reniite"]
[Result "1-0"]
[WhiteElo "2225"]
[BlackElo "1936"]
[TimeControl "180+1"]
[EndTime "10:39:05 PDT"]
[Termination "northridgehawk won by checkmate"]

1. d4 Nf6 2. c4 e6 3. Nc3 Bb4 4. Qc2 O-O 5. e4 Bxc3+ 6. bxc3 d6 7. Bd3 e5 8. Ne2 c5 9. O-O Nc6 10. f4 exd4 11. cxd4 Nb4 12. Qd2 Nxd3 13. Qxd3 cxd4 14. Nxd4 Re8 15. Re1 d5 16. cxd5 Nxd5 17. Nf3 Qb6+ 18. Kh1 Nb4 19. Qb3 Be6 20. Qd1 Rad8 21. Qe2 Nd3 22. Be3 Qc7 23. Red1 Bc4 24. Qc2 b5 25. e5 Rd5 26. h3 Red8 27. Rg1 Qe7 28. Ng5 f6 29.
exf6 Qxe3 30. f7+ Kh8 31. Rae1 Nxe1 32. Qxh7# 1-0

[Event "*** Titled Tuesday Blitz"]
[Site "Chess.com"]
[Date "2020.04.21"]
[Round "4"]
[White "gahryman"]
[Black "ahachess"]
[Result "1-0"]
[WhiteElo "2678"]
[BlackElo "2364"]
[TimeControl "180+1"]
[EndTime "10:39:06 PDT"]
[Termination "gahryman won by resignation"]

1. e4 c5 2. Nc3 a6 3. g3 b5 4. Bg2 Bb7 5. f4 e6 6. d3 Nf6 7. Nh3 d5 8. e5 Nfd7 9. O-O Nc6 10. Ne2 Qb6 11. Kh1 Be7 12. c3 b4 13.
d4 a5 14. f5 Ba6 15. Nhf4 Nf8 16. Be3 c4 17. Nh5 g6 18. fxe6 gxh5 19. exf7+ Kd8 20.
Nf4 h4 21. Nxd5 Qa7 22. Qg4 hxg3 23. Qxg3 h5 24. Nxe7 Nxe7 25. d5 Qb8 26. d6 Neg6 27. e6 h4 28. e7+ Nxe7 29. dxe7+ Kxe7 30. Bc5+ Kd8 31. Rad1+ Kc8 32. Qg4+ Kc7 33. Qf4+ 1-0

[Event "*** Titled Tuesday Blitz"]
[Site "Chess.com"]
[Date "2020.04.21"]
[Round "4"]
[White "cukin84"]
[Black "Kumi29"]
[Result "1/2-1/2"]
[WhiteElo "2135"]
[BlackElo "2396"]
[TimeControl "180+1"]
[EndTime "10:39:07 PDT"]
[Termination "Game drawn by agreement"]

1. e4 d5 2. exd5 Qxd5 3. Nc3 Qd8 4. d4 Nf6 5. Nf3 g6 6. Bc4 Bg7 7. Ne5 O-O 8. O-O b6 9. Be3 Bb7 10. f3 e6 11. Bg5 h6 12. Bh4 Nc6 13. Nxc6 Bxc6 14.
Kh1 Qd6 15. Bg3 Qd7 16. Qd2 Kh7 17. Rad1 Rad8 18. Qe3 Nd5 19. Nxd5 Bxd5 20. Bd3 Bb7 21. c3 Qe7 22. Bb1 Rd7 23. a4 a5 24. Bd3 Rfd8 25.
Bb5 c6 26. Bc4 Rc8 27. Bd3 c5 28. dxc5 Rxc5 29. Bb5 Rxd1 30. Rxd1 Bc6 31. Bd6 Qd7 32. Be2 Rd5 33. Rxd5 Bxd5 34. Qxb6 Qxa4 35. h3 Qa1+ 36. Kh2 Qe1 37. Bd3 a4 38. Qc7 Qd1 39. Bb5 1/2-1/2

[Event "*** Titled Tuesday Blitz"]
[Site "Chess.com"]
[Date "2020.04.21"]
[Round "4"]
[White "Omk124"]
[Black "Ind1anStar"]
[Result "1-0"]
[WhiteElo "2372"]
[BlackElo "2595"]
[TimeControl "180+1"]
[EndTime "10:39:08 PDT"]
[Termination "Omk124 won by resignation"]

1. e4 e6 2. d4 d5 3. Nd2 c5 4. exd5 Qxd5 5. Ngf3 cxd4 6. Bc4 Qd7 7. O-O Nc6 8. Nb3 a6 9. a4 Nf6 10. Qe2 Qc7 11.
Rd1 Bd6 12. Nbxd4 Nxd4 13. Rxd4 Bd7 14. Bg5 O-O-O 15. Rad1 Bc6 16. h3 Kb8 17. Qd2 Bxf3 18.
gxf3 Bh2+ 19. Kg2 Rxd4 20. Qxd4 Be5 21. Qd3 Rc8 22. b3 Nh5 23. Qd7 Qc5 24. Qxf7 Bg3 25. fxg3 Qxg5 26. g4 Nf4+ 27. Kg3 e5 28. h4 Qh6 29. Rd7 Qb6 30. Rd1 Rc7 31. Qe8+ Ka7 32. Qxe5 Ng6 33. Qd4 Rc5 34. h5 Qc7+ 35. f4 1-0

[Event "*** Titled Tuesday Blitz"]
[Site "Chess.com"]
[Date "2020.04.21"]
[Round "4"]
[White "smshk35"]
[Black "GmSergioBarrientos"]
[Result "0-1"]
[WhiteElo "2341"]
[BlackElo "2572"]
[TimeControl "180+1"]
[EndTime "10:39:08 PDT"]
[Termination "GmSergioBarrientos won by checkmate"]

1. e4 c5 2. Nf3 d6 3. d4 Nf6 4. Nc3 cxd4 5. Nxd4 g6 6. Be3 a6 7. f3 Nbd7 8. Qd2 Bg7 9. h4 b5 10. h5 Rg8 11. hxg6 hxg6 12. O-O-O Bb7 13. Kb1 Rc8 14.
g4 Ne5 15. g5 Nxf3 16. Nxf3 Nxe4 17. Nxe4 Bxe4 18. Rc1 Bxf3 19. Rh7 Qd7 20. Bh3 Bg4 21. Rxg7 Rxg7 22. Qd4 Bxh3 23. Qxg7 Qe6 24. Re1 Bf5 25.
Bd2 Qd5 26. Bc3 Be6 27. a3 Kd7 28. Qh7 a5 29. Qh4 Rc4 30. Qf2 b4 31. axb4 axb4 32. Qa7+ Kc8 33. Bd2 Qxd2 34. Rh1 Qxc2+ 35. Ka1 Qc1+ 36.
Rxc1 Rxc1# 0-1

[Event "*** Titled Tuesday Blitz"]
[Site "Chess.com"]
[Date "2020.04.21"]
[Round "4"]
[White "CalinGheorghiu"]
[Black "Kawhi_Leonard2"]
[Result "1/2-1/2"]
[WhiteElo "2469"]
[BlackElo "2307"]
[TimeControl "180+1"]
[EndTime "10:39:08 PDT"]
[Termination "Game drawn by repetition"]

1. e4 c5 2. Nf3 d6 3. d4 cxd4 4.
Nxd4 Nf6 5. Nc3 g6 6. f3 Bg7 7.
Be3 Nc6 8. Qd2 O-O 9. Bc4 Bd7 10. Bb3 Rc8 11. O-O-O Nxd4 12. Bxd4 b5 13. Nd5 Nxd5 14. Bxg7 Kxg7 15. exd5 a5 16. a3 Rc5 17. h4 b4 18.
axb4 axb4 19. Qxb4 Qa8 20. Kd2 Rb8 21. Qd4+ Kg8 22.
Ke3 e5 23. dxe6 Bxe6 24. Bxe6 Re5+ 25. Kf2 Rxe6 26. Rhe1 Rbe8 27. Rxe6 Rxe6 28. Re1 Rxe1 29. Kxe1 Qa1+ 30. Kf2 Qc1 31. c4 Qc2+ 32. Kg3 Qb3 33.
Qxd6 Qxc4 34. b4 h6 35. Qc5 Qe6 36. b5 Qe1+ 37. Kh3 Qh1+ 38. Kg3 Qe1+ 39. Kh3 Qh1+ 40. Kg3 Qe1+ 1/2-1/2

[Event "*** Titled Tuesday Blitz"]
[Site "Chess.com"]
[Date "2020.04.21"]
[Round "4"]
[White "Msb2"]
[Black "ElGasanov"]
[Result "1-0"]
[WhiteElo "2922"]
[BlackElo "2744"]
[TimeControl "180+1"]
[EndTime "10:39:09 PDT"]
[Termination "Msb2 won by resignation"]

1. d4 e6 2. Bf4 f5 3. e3 Nf6 4. h3 g6 5. Nf3 Bg7 6. c4 O-O 7. Nc3 d6 8. c5 Kh8 9. Bc4 Nc6 10. O-O Ne4 11. cxd6 cxd6 12. Qc2 d5 13. Bb5 Bd7 14.
Bxc6 Bxc6 15. Be5 Rc8 16. Rfc1 Bb5 17. Qb3 Ba6 18. Bxg7+ Kxg7 19. Ne5 Qe7 20. Rc2 Rc7 21. Rac1 Rfc8 22. Nxe4 fxe4 23. Qa3 Qd8 24. Rc5 Rxc5 25.
Rxc5 Rxc5 26. Qxc5 b6 27. Qa3 Bb5 28. Qxa7+ Kh8 29.
Nf7+ 1-0

[Event "*** Titled Tuesday Blitz"]
[Site "Chess.com"]
[Date "2020.04.21"]
[Round "4"]
[White "BaMBoMaTTo"]
[Black "UmutErdemGunduz"]
[Result "1-0"]
[WhiteElo "2704"]
[BlackElo "2364"]
[TimeControl "180+1"]
[EndTime "10:39:09 PDT"]
[Termination "BaMBoMaTTo won by resignation"]

1. e4 e5 2. Nf3 Nc6 3. Bb5 a6 4. Ba4 Nf6 5. O-O Be7 6. Re1 b5 7. Bb3 O-O 8. h3 Bb7 9. d3 d6 10. a3 h6 11. Nc3 Re8 12. Nd5 Bf8 13. Bd2 a5 14. a4 b4 15. c3 bxc3 16. bxc3 Ba6 17.
Nxf6+ Qxf6 18. Bd5 Bb7 19. Rb1 Rab8 20. Rxb7 Rxb7 21.
Bxc6 Reb8 22. Bxb7 Rxb7 23. Qc2 Qd8 24. Rb1 Qb8 25.
Rxb7 Qxb7 26. d4 exd4 27. cxd4 Qb6 28. Bc3 c5 29. d5 Qa6 30. Nd2 Be7 31. Qb1 Bg5 32. Qf1 1-0

[Event "*** Titled Tuesday Blitz"]
[Site "Chess.com"]
[Date "2020.04.21"]
[Round "4"]
[White "SerGo055"]
[Black "Andrii_Prydun"]
[Result "1-0"]
[WhiteElo "2571"]
[BlackElo "2345"]
[TimeControl "180+1"]
[EndTime "10:39:09 PDT"]
[Termination "SerGo055 won on time"]

1. d4 d6 2. Nf3 Nf6 3. c4 Nbd7 4. Nc3 e5 5. b3 Be7 6. e3 O-O 7. Be2 Re8 8. O-O c6 9. Ba3 a6 10. dxe5 dxe5 11. Bxe7 Qxe7 12. Qc2 g6 13. Rfd1 Nc5 14. b4 Bf5 15. Qb2 Ncd7 16. c5 a5 17. a3 Bg4 18. h3 Bxf3 19. Bxf3 e4 20. Nxe4 Nxe4 21. Bxe4 Qxe4 22. Rxd7 axb4 23. Rxb7 bxa3 24. Rxa3 Rad8 25. Raa7 Rf8 26. Qf6 Rd1+ 27. Kh2 Qe8 28. Re7 Qb8+ 29. Rac7 1-0

[Event "*** Titled Tuesday Blitz"]
[Site "Chess.com"]
[Date "2020.04.21"]
[Round "4"]
[White "lucliasco"]
[Black "Forantes"]
[Result "1-0"]
[WhiteElo "2638"]
[BlackElo "2439"]
[TimeControl "180+1"]
[EndTime "10:39:10 PDT"]
[Termination "lucliasco won on time"]

1. e4 c5 2. Nf3 Nc6 3. d4 cxd4 4. Nxd4 Nf6 5. Nc3 g6 6. Nxc6 bxc6 7. e5 Ng8 8. Bc4 Qa5 9. Bf4 Bg7 10. O-O Nh6 11.
Re1 O-O 12. Ne4 Nf5 13. Ng3 Nxg3 14. Bxg3 Rb8 15. Bb3 Rb5 16. f4 g5 17. Qg4 gxf4 18. Bxf4 d5 19. Qg3 Bf5 20. Rad1 Kh8 21. Bg5 Qb6+ 22. Kh1 e6 23. Qh4 Rb4 24. c4 Rg8 25.
Bf6 Bxf6 26. Qxf6+ Rg7 27. cxd5 cxd5 28. Rc1 Qb8 29.
Rc3 Rg4 30. Rec1 1-0

[Event "*** Titled Tuesday Blitz"]
[Site "Chess.com"]
[Date "2020.04.21"]
[Round "4"]
[White "plumalka"]
[Black "Rsnr"]
[Result "0-1"]
[WhiteElo "2430"]
[BlackElo "2786"]
[TimeControl "180+1"]
[EndTime "10:39:11 PDT"]
[Termination "Rsnr won by resignation"]

1. e4 c6 2. d4 d5 3. Nc3 dxe4 4. Nxe4 Bf5 5. Ng3 Bg6 6. h4 h6 7. h5 Bh7 8. Bd3 Bxd3 9. Qxd3 e6 10. Nf3 Nf6 11.
Bd2 c5 12. O-O-O Nc6 13. Qb5 Qb6 14. Qxb6 axb6 15. Kb1 cxd4 16. Rh4 O-O-O 17. Ne4 Nd5 18. g4 Be7 19. Rh3 Nf6 20. Nxf6 Bxf6 21. Bc1 Rd5 22.
Nd2 b5 23. Ne4 Be7 24. f4 f5 25. gxf5 exf5 26. Nc3 Rc5 27. Ne2 Bf6 28. a3 Re8 29.
Ng1 b4 30. a4 Re4 31. b3 Rc3 32. Rh2 d3 33. Rxd3 Rxd3 34. cxd3 Re1 35. Nf3 Rf1 36.
Nd2 Rxf4 37. Nc4 Rf1 38. Kc2 Nd4+ 39. Kb2 Nf3+ 0-1

[Event "*** Titled Tuesday Blitz"]
[Site "Chess.com"]
[Date "2020.04.21"]
[Round "4"]
[White "GuerrieroFromLevant"]
[Black "doons21"]
[Result "1-0"]
[WhiteElo "2416"]
[BlackElo "2606"]
[TimeControl "180+1"]
[EndTime "10:39:11 PDT"]
[Termination "GuerrieroFromLevant won by resignation"]

1. e4 e6 2. d4 d5 3. exd5 exd5 4. Nf3 Nc6 5. Bb5 Bg4 6. O-O Bd6 7. Qe1+ Ne7 8. Ne5 Bd7 9. Nxd7 Qxd7 10. c4 Qf5 11. c5 Bf4 12. Bxf4 Qxf4 13. Qe3 Qxe3 14. fxe3 O-O 15. Nc3 Nd8 16. Bd7 c6 17. e4 dxe4 18.
Nxe4 Nd5 19. Nd6 Rb8 20. a3 g6 21. b4 Kg7 22. Rae1 b6 23. b5 cxb5 24. c6 Nc7 25. Re7 a5 26. Be8 Nd5 27. c7 Nxc7 28. Rxc7 b4 29.
axb4 axb4 30. Bxf7 Kh6 31. Bd5 Rxf1+ 32. Kxf1 b3 33.
Bxb3 b5 34. Rc8 Rb6 35. Rxd8 Rxd6 36. Rxd6 1-0

[Event "*** Titled Tuesday Blitz"]
[Site "Chess.com"]
[Date "2020.04.21"]
[Round "4"]
[White "Swarnapuri"]
[Black "Parhamov"]
[Result "0-1"]
[WhiteElo "2712"]
[BlackElo "3048"]
[TimeControl "180+1"]
[EndTime "10:39:12 PDT"]
[Termination "Parhamov won by resignation"]

1. d4 Nf6 2. Bf4 e6 3. e3 c5 4. Nf3 b6 5. Nc3 Be7 6. Nb5 Na6 7. Nd6+ Bxd6 8. Bxd6 Ne4 9. Bf4 O-O 10. Bd3 f5 11. c3 Bb7 12. Qe2 Nc7 13. O-O-O d6 14. h4 h6 15.
Rhg1 Nd5 16. Bh2 Rc8 17. Bc2 cxd4 18. Nxd4 Ndxc3 19. bxc3 Nxc3 20. Qd2 Bd5 21. Kb2 b5 22. Bb3 Qa5 23. Ka1 b4 24. Rc1 Bxb3 25. Nxb3 Qa4 26. Rc2 Rc6 27. Rgc1 Rfc8 28. Nd4 Ra6 29. Rb2 Rc5 30. f3 Rca5 31. Rcc2 Rd5 32. Qe1 e5 33. Ne2 Rd1+ 0-1

[Event "*** Titled Tuesday Blitz"]
[Site "Chess.com"]
[Date "2020.04.21"]
[Round "4"]
[White "MFguimaraes"]
[Black "nocnypako"]
[Result "1/2-1/2"]
[WhiteElo "2413"]
[BlackElo "2583"]
[TimeControl "180+1"]
[EndTime "10:39:13 PDT"]
[Termination "Game drawn by repetition"]

1. e4 e6 2. d4 d5 3. Nd2 c5 4.
exd5 Qxd5 5. Ngf3 cxd4 6. Bc4 Qd6 7. O-O Nf6 8. Nb3 Nc6 9. Nbxd4 Nxd4 10. Nxd4 Be7 11.
Nb5 Qc6 12. Qe2 O-O 13. Bf4 Bd7 14. b3 a6 15. Nd4 Qc5 16. Be3 Qe5 17. Nf3 Qc7 18.
a4 Bc6 19. Nd4 Bd5 20. Bd3 Ne4 21. c4 Bc6 22. Nxc6 Qxc6 23. Bd4 Nc5 24. Bc2 Rfd8 25.
Rad1 Bf8 26. Qh5 h6 27. Be3 Ne4 28. Qg4 Nf6 29. Qg3 Bd6 30. Qh4 Be7 31. Bxh6 gxh6 32. Qxh6 Rxd1 33. Rxd1 Rd8 34. Qg5+ Kf8 35. Qh6+ Kg8 36.
Qg5+ Kf8 37. Qh6+ Kg8 1/2-1/2

[Event "*** Titled Tuesday Blitz"]
[Site "Chess.com"]
[Date "2020.04.21"]
[Round "4"]
[White "sergeikim"]
[Black "kallerotmg"]
[Result "1-0"]
[WhiteElo "2420"]
[BlackElo "2171"]
[TimeControl "180+1"]
[EndTime "10:39:13 PDT"]
[Termination "sergeikim won by resignation"]

1. d4 Nf6 2. c4 e6 3. Nc3 Bb4 4. Qc2 b6 5. a3 Bxc3+ 6. Qxc3 Bb7 7. Nf3 d6 8. g3 O-O 9. Bg2 Nbd7 10. O-O Qe7 11.
b3 c5 12. dxc5 Nxc5 13. Bb2 Rac8 14. Rac1 d5 15. cxd5 Nce4 16. Qd4 Bxd5 17. b4 Rfd8 18. Rxc8 Rxc8 19. Ne5 Rc2 20. Rd1 Rxe2 21. f3 Nd6 22.
Bf1 Rc2 23. Bd3 Rc8 24. Ng4 Nde8 25. Ne5 h6 26. Ba6 Rd8 27. Nc6 Bxc6 28. Qxd8 Qxd8 29. Rxd8 Bxf3 30. Bxf6 1-0

[Event "*** Titled Tuesday Blitz"]
[Site "Chess.com"]
[Date "2020.04.21"]
[Round "4"]
[White "Shuvalov"]
[Black "Playgood28"]
[Result "1-0"]
[WhiteElo "2463"]
[BlackElo "2199"]
[TimeControl "180+1"]
[EndTime "10:39:14 PDT"]
[Termination "Shuvalov won by resignation"]

1. Nf3 f5 2. g3 d6 3. d4 g6 4. Bg2 Nf6 5. O-O Bg7 6. c3 Nc6 7. Nbd2 O-O 8. Qb3+ e6 9. Ng5 Qe7 10. e4 h6 11. Nh3 fxe4 12. Nxe4 g5 13. Re1 Kh8 14.
Nhxg5 hxg5 15. Nxg5 e5 16. f4 Ng4 17. h3 Nh6 18. g4 Qf6 19. Qc2 Nf5 20. gxf5 Bxf5 21.
Qf2 exd4 22. Bd2 Rae8 23. Rxe8 Rxe8 24. Re1 Rxe1+ 25. Qxe1 Ne7 26. Qh4+ Kg8 27. Bxb7 c6 28. Ba6 d5 29. Be2 Ng6 30. Qh7+ Kf8 31. Bg4 Bxg4 32. hxg4 Nxf4 33. Bxf4 Qxf4 34. Ne6+ 1-0

[Event "*** Titled Tuesday Blitz"]
[Site "Chess.com"]
[Date "2020.04.21"]
[Round "4"]
[White "archess2"]
[Black "Yuri202062"]
[Result "1/2-1/2"]
[WhiteElo "2228"]
[BlackElo "2481"]
[TimeControl "180+1"]
[EndTime "10:39:15 PDT"]
[Termination "Game drawn by agreement"]

1. d4 Nf6 2. c4 e6 3. Nc3 Bb4 4. Qc2 O-O 5. e4 d6 6. e5 dxe5 7. dxe5 Nfd7 8. Bf4 Nc6 9. Nf3 b6 10. Bd3 h6 11. Be4 Bb7 12. a3 Be7 13. Rd1 Qe8 14. Nb5 Bd8 15. b4 a5 16. Bxc6 Bxc6 17. Nfd4 Bb7 18. O-O axb4 19. axb4 Qe7 20. Qc3 c5 21.
bxc5 Nxc5 22. f3 Bc7 23. Nxc7 Qxc7 24. Nb5 Qe7 25. Nd6 Bc6 26. Qe3 Ra2 27. Rd2 Rfa8 28. Rb1 Rxd2 29. Qxd2 Nd7 30. Qe3 f6 31. exf6 Qxf6 32.
Ne4 Qf5 33. Rd1 e5 34. Bg3 Qe6 35. c5 bxc5 1/2-1/2

[Event "*** Titled Tuesday Blitz"]
[Site "Chess.com"]
[Date "2020.04.21"]
[Round "4"]
[White "Perecke"]
[Black "WPWPWP-2015"]
[Result "0-1"]
[WhiteElo "2154"]
[BlackElo "2417"]
[TimeControl "180+1"]
[EndTime "10:39:15 PDT"]
[Termination "WPWPWP-2015 won on time"]

1. e4 c5 2. Nf3 e6 3. d4 cxd4 4. Nxd4 Nc6 5. Nc3 Qc7 6. Be3 a6 7. Qf3 Nf6 8. O-O-O d6 9. Nxc6 bxc6 10. Qg3 e5 11.
Bg5 Be7 12. Bc4 Rb8 13. f4 Nh5 14. Qf3 Nxf4 15. Bxf4 exf4 16. Qxf4 O-O 17. Rhf1 Be6 18. Bxe6 fxe6 19. Qg4 Qd7 20. e5 d5 21. Rf3 Rxf3 22. gxf3 Rf8 23. Ne4 Rf5 24. Rg1 g6 25. Nf6+ Bxf6 26.
exf6 Rxf6 27. Re1 Qd6 28. c3 Kf7 29. Kc2 Qf4 30. Qxf4 Rxf4 31. Re3 Kf6 32. Kd3 e5 33. Ke2 Rh4 34. Kd3 Rxh2 35. c4 Rxb2 0-1

[Event "*** Titled Tuesday Blitz"]
[Site "Chess.com"]
[Date "2020.04.21"]
[Round "4"]
[White "HouseOfDurin"]
[Black "almaguerjm"]
[Result "0-1"]
[WhiteElo "2084"]
[BlackElo "2328"]
[TimeControl "180+1"]
[EndTime "10:39:15 PDT"]
[Termination "almaguerjm won on time"]

1. d4 Nf6 2. Bg5 d5 3. Bxf6 exf6 4. e3 Bf5 5. c4 Bb4+ 6. Nc3 O-O 7.
Qb3 a5 8. a3 Bxc3+ 9. bxc3 dxc4 10. Qxb7 Nd7 11. Bxc4 Nb6 12. Be2 Qe7 13. Qf3 Be4 14.
Qg3 Nd5 15. c4 Nc3 16. Bf3 c5 17. Ne2 Nxe2 18. Bxe2 cxd4 19. exd4 Rfe8 20. O-O Bxg2 21. Qxg2 Qxe2 22. c5 Rad8 23. Rfd1 Qb2 24. c6 Rxd4 25. c7 Rc4 26. Rab1 Qe5 27. Rd5 Qxc7 28. Qf1 Rg4+ 29. Kh1 Qc6 30. Rd1 Rg5 0-1

[Event "*** Titled Tuesday Blitz"]
[Site "Chess.com"]
[Date "2020.04.21"]
[Round "4"]
[White "Dedic8"]
[Black "Kimster98"]
[Result "1-0"]
[WhiteElo "2791"]
[BlackElo "2548"]
[TimeControl "180+1"]
[EndTime "10:39:16 PDT"]
[Termination "Dedic8 won by resignation"]

1. e4 e5 2. Nf3 Nf6 3. Nc3 Nc6 4. Bb5 Bb4 5. O-O O-O 6. Bxc6 dxc6 7. d3 Bxc3 8. bxc3 Bg4 9. h3 Bxf3 10. Qxf3 Qd6 11. a4 Nd7 12. Be3 c5 13. Qg3 Qg6 14. Qh2 Qe6 15.
f4 exf4 16. Qxf4 b6 17. Qxc7 Ne5 18. Rf5 f6 19. Qb7 Qc6 20. Qxc6 Nxc6 21. a5 Kf7 22. Rd5 Ke6 23. axb6 axb6 24. Rb1 Ra6 25. Bf4 Ne5 26. Rb5 g5 27. Bg3 Rfa8 28. d4 cxd4 29. Bxe5 fxe5 30. Rxe5+ Kf6 31. cxd4 Ra1+ 32. Kh2 1-0

[Event "*** Titled Tuesday Blitz"]
[Site "Chess.com"]
[Date "2020.04.21"]
[Round "4"]
[White "Evgeny81"]
[Black "TheRigos"]
[Result "1-0"]
[WhiteElo "2729"]
[BlackElo "2517"]
[TimeControl "180+1"]
[EndTime "10:39:17 PDT"]
[Termination "Evgeny81 won by resignation"]

1. d4 Nf6 2. c4 g6 3. Nc3 d5 4. e3 Bg7 5. Qb3 dxc4 6. Bxc4 O-O 7. Nf3 Nc6 8. Be2 b6 9. O-O Bb7 10. Bd2 Na5 11. Qc2 a6 12. b4 Nc6 13. a3 e5 14.
Nxe5 Nxe5 15. dxe5 Nd5 16. f4 f6 17. Nxd5 Bxd5 18. e4 Be6 19. f5 Bc8 20. e6 Bb7 21.
Bc3 Qe7 22. Rad1 Rfd8 23. h3 c5 24. Bc4 Rac8 25. Qe2 b5 26. Rd7 Rxd7 27. exd7+ bxc4 28. dxc8=Q+ Bxc8 29.
Qxc4+ Kh8 30. bxc5 Bf8 31. fxg6 Qxc5+ 32. Qxc5 Bxc5+ 33. Kh1 hxg6 34. Rxf6 Kh7 35. Rc6 1-0

[Event "*** Titled Tuesday Blitz"]
[Site "Chess.com"]
[Date "2020.04.21"]
[Round "4"]
[White "Noam_Vitenberg"]
[Black "Keaton87"]
[Result "0-1"]
[WhiteElo "2498"]
[BlackElo "2679"]
[TimeControl "180+1"]
[EndTime "10:39:17 PDT"]
[Termination "Keaton87 won on time"]

1. d4 Nf6 2. c4 g6 3. Nc3 Bg7 4. e4 O-O 5. h3 c5 6. Nf3 cxd4 7. Nxd4 Nc6 8. Be3 Qa5 9. f3 d6 10. Be2 Nxd4 11. Bxd4 Be6 12. O-O Rfc8 13. Nd5 Bxd5 14.
exd5 Nd7 15. Re1 Bxd4+ 16. Qxd4 Qc5 17. Rad1 Kf8 18. f4 a5 19. Bg4 f5 20. Bf3 Rab8 21. g4 b5 22. cxb5 Rxb5 23. b3 Nb6 24. Kg2 Qxd4 25.
Rxd4 Rc2+ 26. Kg3 Rxa2 27. Re3 Rb4 28. Rxb4 axb4 29. gxf5 gxf5 30. Kh4 Rd2 31. Kg5 Nxd5 32. Re1 Rd4 33. Bxd5 Rxd5 34. Rc1 Kg7 35. Rc4 h6+ 36.
Kh5 Rd3 37. h4 Rxb3 38. Rc7 Kf6 39. Kxh6 Rf3 40. h5 Rxf4 41. Kh7 Rh4 42. h6 Kg5 0-1

[Event "*** Titled Tuesday Blitz"]
[Site "Chess.com"]
[Date "2020.04.21"]
[Round "4"]
[White "SCIM"]
[Black "Jenia84"]
[Result "1-0"]
[WhiteElo "2541"]
[BlackElo "2299"]
[TimeControl "180+1"]
[EndTime "10:39:17 PDT"]
[Termination "SCIM won by resignation"]

1. d4 Nf6 2. c4 e6 3. g3 d5 4. Nf3 Bb4+ 5. Bd2 Bd6 6. Nc3 c6 7. Bg5 Nbd7 8. Bg2 O-O 9. O-O h6 10. Bxf6 Nxf6 11. Qc2 Qc7 12. Rad1 b6 13. e4 dxe4 14.
Nxe4 Nxe4 15. Qxe4 Bb7 16. Ne5 Bxe5 17. dxe5 Rab8 18.
Rd6 c5 19. Qd3 Bxg2 20. Kxg2 Rfd8 21. Rd1 Rxd6 22. exd6 Qc6+ 23. f3 Rd8 24. b3 e5 25.
h4 f6 26. h5 Kf8 27. g4 Kf7 28. Kg3 a6 29. a4 Rd7 30. Qg6+ Kf8 31. Qd3 Kf7 32. f4 exf4+ 33. Kxf4 Kf8 34. Qd5 Qxd5 35. Rxd5 Kf7 36. Kf5 Rd8 37. d7 Ke7 38. Kg6 Rxd7 39. Rxd7+ Kxd7 40. Kxg7 Ke6 41. Kxh6 Kf7 42. Kh7 a5 43. Kh6 1-0

[Event "*** Titled Tuesday Blitz"]
[Site "Chess.com"]
[Date "2020.04.21"]
[Round "4"]
[White "Halvard"]
[Black "LiamPutnam2008"]
[Result "0-1"]
[WhiteElo "2101"]
[BlackElo "2482"]
[TimeControl "180+1"]
[EndTime "10:39:17 PDT"]
[Termination "LiamPutnam2008 won by resignation"]

1. e4 c5 2. a3 g6 3. b4 Bg7 4. Nc3 d6 5. g3 Nf6 6. Bg2 O-O 7. Nge2 Nc6 8. Rb1 Nd4 9. O-O Rb8 10. h3 Bd7 11. d3 Qc7 12. Nxd4 cxd4 13. Ne2 Rfc8 14. Nxd4 e5 15. Nb3 Qxc2 16. Be3 Ba4 17. Qxc2 Rxc2 18.
Bxa7 Ra8 19. Be3 Bb5 20. Rfd1 Rxa3 21. Bf1 Nd7 22. Na5 b6 23. Nc4 Bxc4 24. dxc4 Bf8 25.
c5 bxc5 26. bxc5 Nxc5 27. Rb8 Kg7 28. Bh6+ Kxh6 29. Rxf8 Kg7 30. Rd8 Nxe4 31. Bd3 Rd2 32. Rxd2 Nxd2 33. Rxd6 Nf3+ 34. Kg2 Rxd3 0-1